 Dungeon Crawl Stone Soup version 0.14-a0-50-gc6ee670 (webtiles) character file.

302 Kae the Firebug (level 5, -6/31 HPs)
             Began as an Octopode Fire Elementalist on Sept 29, 2013.
             Mangled by Grinder (10 damage)
             ... while paralysed by Grinder
             ... on Level 4 of the Dungeon.
             The game lasted 00:05:13 (2872 turns).

Kae the Firebug (Octopode Fire Elementalist)        Turns: 2872, Time: 00:05:14

HP  -6/31        AC  1     Str  8      XL: 5   Next: 27%
MP   7/10        EV  2     Int 18      God:
Gold 157         SH  0     Dex 12      Spells:  3 memorised,  3 levels left

Res.Fire  : . . .   See Invis. : .   (no weapon)
Res.Cold  : . . .   Warding    : .   (no shield)
Life Prot.: . . .   Conserve   : .   (helmet restricted)
Res.Poison: .       Res.Corr.  : .   (no amulet)
Res.Elec. : .       Clarity    : .   (no ring)
Sust.Abil.: . .     Spirit.Shd : .   (no ring)
Res.Mut.  : .       Stasis     : .   (no ring)
Res.Rott. : .       Flight     : .   (no ring)
Saprovore : . . .                    (no ring)
                                     (no ring)
                                     (no ring)
                                     (no ring)

@: paralysed, slightly resistant to hostile enchantments, quite stealthy
A: almost no armour, amphibious, 8 rings, constrict 8, camouflage 1, AC +1
a: no special abilities


You were on level 4 of the Dungeon.
You were not hungry.

You visited 1 branch of the dungeon, and saw 4 of its levels.

You collected 137 gold pieces.

Inventory:

Comestibles
 c - 3 bread rations
 i - 9 sultanas
 j - a meat ration
Scrolls
 a - a scroll of fog
 f - 2 scrolls of remove curse {unknown}
 g - a scroll of identify {unknown}
 m - 2 scrolls of recharging {unknown}
 n - 3 scrolls of random uselessness {unknown}
 o - a scroll of blinking {unknown}
 r - 3 scrolls of curse weapon {unknown}
 t - a scroll of enchant armour {unknown}
 u - a scroll of curse jewellery {unknown}
Jewellery
 l - an uncursed ring of protection from cold {unknown}
Potions
 h - a potion of might
 k - a potion of heal wounds {unknown}
 p - a potion of brilliance {unknown}
 q - a potion of paralysis {unknown}
 s - a potion of beneficial mutation {unknown}
 v - a potion of curing
Books
 b - a book of Flames

   Spells                             Type                      Level
   *Flame Tongue                      Conjuration/Fire             1
   *Throw Flame                       Conjuration/Fire             2
   *Conjure Flame                     Conjuration/Fire             3
   Inner Flame                        Hexes/Fire                   3
   Sticky Flame                       Conjuration/Fire             4
   Fireball                           Conjuration/Fire             5


   Skills:
 - Level 2.0 Dodging
 - Level 2.6 Stealth
 + Level 2.6 Spellcasting
 * Level 2.7 Conjurations
 * Level 4.2 Fire Magic


You had 3 spell levels left.
You knew the following spells:

 Your Spells              Type           Power        Failure   Level  Hunger
a - Flame Tongue          Conj/Fire      ##...        4%          1    #......
b - Throw Flame           Conj/Fire      ##....       8%          2    ##.....
c - Conjure Flame         Conj/Fire      ##......     14%         3    ###....


Dungeon Overview and Level Annotations

Branches:
Dungeon (4/27)
 Temple: D:4-7

Altars:
Sif Muna

Annotations:
D:2 Terence
D:4 Blork the orc, Grinder


Innate Abilities, Weirdness & Mutations

You cannot wear most types of armour.
You are amphibious.
You can wear up to eight rings at the same time.
You can use your tentacles to constrict many enemies at once.
Your skin changes colour to match your surroundings (Stlth).
Your rubbery body absorbs attacks (AC +1).


Message History

An orc comes into view. It is wielding an orcish dagger.
The orc shouts!
Found an apple and a potion of curing.
Found a stone staircase leading down.
A giant gecko and a hobgoblin come into view.
Eat which item? (? for menu, Esc to quit)
Okay, then.
Read which item? (? for menu, Esc to quit)
Okay, then.
Grinder barely misses you. Grinder gestures at you.
You suddenly lose the ability to move!
Grinder says, "Just stop there for a second..."
Blork the orc comes into view.
He is wielding a runed orcish long sword.
Blork the orc shouts!
Blork the orc screams, "I'll break your legs!"
Blork the orc casts a spell at you. The magic dart hits you!
* * * LOW HITPOINT WARNING * * *
Grinder hits you!
You die...

... ...#
....##..#
......#..#
#..!.#..#
.##...>..#
..l...#...####.##
#............
#..#5o....... #..
#@###.#g..
.............o.#
.#......###.#.#
........#
##.....## #.....
##.## #.


You could see Grinder, Blork the orc and an orc.

Vanquished Creatures
  A hound (D:4)
  4 adders
  A worm (D:2)
  5 giant geckos
  2 oozes (D:2)
  2 orcs
  A ball python (D:1)
  6 giant cockroaches
  10 goblins
  5 hobgoblins
  A quokka (D:3)
  12 bats
  4 giant newts
  5 kobolds
  6 rats
65 creatures vanquished.

Notes
Turn   | Place    | Note
--------------------------------------------------------------
     0 | D:1      | Kae, the Octopode Fire Elementalist, began the quest for the Orb.
     0 | D:1      | Reached XP level 1. HP: 11/11 MP: 3/3
   135 | D:1      | Reached XP level 2. HP: 17/17 MP: 2/4
   755 | D:2      | Reached XP level 3. HP: 4/21 MP: 3/6
  1098 | D:2      | Noticed Terence
  1591 | D:2      | Reached XP level 4. HP: 9/27 MP: 1/8
  2169 | D:3      | HP: 1/27 [poisoned by a kobold]
  2484 | D:3      | Reached skill level 4 in Fire Magic
  2589 | D:3      | Found a deep blue altar of Sif Muna.
  2819 | D:4      | Reached XP level 5. HP: 29/31 MP: 6/10
  2823 | D:4      | Learned a level 2 spell: Throw Flame
  2827 | D:4      | Learned a level 3 spell: Conjure Flame
  2868 | D:4      | Noticed Grinder
  2870 | D:4      | Paralysed by Grinder for 6 turns
  2872 | D:4      | Noticed Blork the orc
  2872 | D:4      | Mangled by Grinder

Action                   |  1- 3 |  4- 6 || total
-------------------------+-------+-------++-------
Melee: Unarmed           |    80 |    42 ||   122
 Cast: Flame Tongue      |    33 |    30 ||    63
  Use: Potion            |       |     3 ||     3
       Scroll            |       |     3 ||     3
 Stab: Sleeping          |     6 |     5 ||    11
